Map: Frozen Temple

Players

offan - Winner!

  • Race: Zerg Zerg
  • League: Bronze

Gracz

  • Race: Terran Terran
  • League: Silver

VOD

Have the link to the VOD?

Description

Time

  • Played on: Sept. 24, 2016, 9:51 a.m.
  • Length: 8:20
Show
View Real Time Build Order
Export as new Build Order

offan Zerg - Winner!

Build Orders: Pool First, Zergling Baneling 

Get SALT Encoding   

  12  0:03  Drone  
  13  0:10  Drone  
  14  0:18  Extractor  
  14  0:20  Extractor, Drone  
  13  0:22  Drone  
  16  0:29  Overlord  
  16  0:46  Spawning Pool  
  16  0:48  Extractor, Drone  
  15  0:51  Drone  
  16  1:02  Drone  
  17  1:10  Drone  
  18  1:24  Hatchery  
  17  1:33  Queen  
  17  1:36  Drone  
  20  1:40  Drone  
  21  1:48  Metabolic Boost  
  21  1:53  Drone  
  22  1:58  Overlord  
  22  2:04  Overlord  
  22  2:16  Queen  
  24  2:33  Baneling Nest  
  24  2:34  Overlord  
  23  2:45  Zergling x2  
  23  2:46  Zergling x8  
  23  2:48  Zergling x2  
  29  2:59  Zergling x6  
  32  3:11  Zergling x4  
  34  3:17  Zergling x2  
  35  3:26  Baneling x6  
  35  3:27  Zergling x4, Baneling x2  
  36  3:42  Zergling x8  
  37  4:06  Zergling x2  
  37  4:07  Zergling x10  
  41  4:11  Lair  
  40  4:34  Drone x3  
  40  4:35  Extractor  
  40  4:37  Drone  
  40  4:38  Drone  
  44  5:09  Drone x2  
  44  5:10  Drone x6  
  44  5:12  Overlord x2  
  52  5:22  Spire  
  51  5:57  Burrow  
  51  5:59  Spore Crawler  
  50  6:06  Spore Crawler  
  50  6:07  Drone x2  
  50  6:08  Drone x7  
  58  6:14  Extractor  
  58  6:15  Extractor  
  58  6:16  Spore Crawler  
  55  6:30  Drone x3  
  55  6:31  Drone x2  
  55  6:32  Drone  
  61  6:42  Mutalisk x2  
  61  6:43  Mutalisk  
  61  6:46  Overlord x2  
  61  6:47  Overlord  
  67  6:53  Spore Crawler  
  66  7:04  Mutalisk x3  
  72  7:21  Mutalisk x2  
  76  7:27  Drone x4  
  80  7:35  Spine Crawler  
  79  7:40  Spine Crawler  
  79  7:42  Spine Crawler  
  79  7:43  Spine Crawler, Drone x3  
  79  7:49  Mutalisk  
  79  7:50  Mutalisk  
Show
View Real Time Build Order
Export as new Build Order

Gracz Terran 

Build Orders:  

Get SALT Encoding   

  12  0:04  SCV  
  13  0:14  Supply Depot  
  13  0:18  SCV  
  14  0:30  SCV  
  15  0:39  Barracks  
  15  0:49  Barracks  
  15  0:54  SCV  
  16  1:18  SCV  
  16  1:19  Refinery  
  16  1:24  Supply Depot, Refinery  
  17  1:30  SCV  
  17  1:31  Marine  
  19  1:43  SCV  
  19  1:44  Marine  
  21  1:55  SCV  
  22  2:05  Factory  
  22  2:07  SCV  
  23  2:24  Barracks Tech Lab, Barracks Reactor  
  23  2:30  Barracks  
  23  2:31  Orbital Command  
  23  2:45  Marauder  
  25  2:51  Engineering Bay  
  25  2:52  Factory Tech Lab  
  25  3:07  Marine x2  
  27  3:25  Marine x2  
  29  3:30  Bunker  
  27  3:44  Supply Depot  
  19  3:57  Marine  
  19  3:58  Marine x3  
  23  4:09  Orbital Command  
  8  4:15  Marine  
  8  4:16  Marine x2  
    6:35  Marine  
  1  6:42  Orbital Command  
Tags
 
Add a new tag
Caveats
  • Supply blocks, unpowered buildings, or Contaminate may cause inaccurate times.
  • Supply counts are checked every 10 seconds.